 Dungeon Crawl Stone Soup version 0.31.0-11-ge490571c62 (webtiles) character file.

Game seed: 8903000083696879457

2517051 Suckerboh the Bringer of Light (level 27, 165/165 HPs)
             Began as a Gargoyle Fighter on Jan 30, 2024.
             Was the Champion of the Shining One.
             Escaped with the Orb
             ... and 4 runes on Jan 31, 2024!
             The game lasted 02:36:57 (63682 turns).

Suckerboh the Bringer of Light (Gargoyle Fighter)  Turns: 63682, Time: 02:36:58

Health: 165/165    AC: 74    Str: 38    XL:     27
Magic:  39/39      EV: 18    Int: 11    God:    the Shining One [******]
Gold:   6289       SH: 17    Dex:  9    Spells: 26/26 levels left

rFire   + + .        a - +9 sacred scourge (holy)
rCold   + + .        I - +2 kite shield {reflect}
rNeg    + + +        u - +12 gold dragon scales
rPois   ∞            U - +0 mask of the Dragon {Will+ Slay+3 SInv}
rElec   +            K - +3 cloak "Zoinuili" {Dex+2}
rCorr   .            Y - +2 pair of gloves {Str+3}
SInv    +            v - +3 pair of mountain boots {steadfast, rC+}
Will    +++++        O - amulet of regeneration Stlth
                     Q - ring "Yrghoph" {+Blink EV+5 Str+5 Dex-2}
HPRegen 1.27/turn    n - ring of Daedut {rF+ Will+}
MPRegen 0.26/turn

%: reflection
@: flying, glowing
A: sickness immunity, AC +20, big wings, negative energy resistance 1,
electricity resistance, torment resistance 1, petrification resistance,
iridescent scales 2, thin skeletal structure 1, clumsy 1, frail 1, strong-willed
2, weak 1
0: Orb of Zot
}: 4/15 runes: serpentine, barnacled, slimy, silver
a: Renounce Religion, Evoke Blink, Divine Shield, Cleansing Flame, Summon Divine
Warrior


You escaped.
You worshipped the Shining One.
The Shining One was exalted by your worship.
You visited 12 branches of the dungeon, and saw 56 of its levels.
You visited the Abyss 1 time.
You also visited: Bailey and Gauntlet.

You collected 10291 gold pieces.
You spent 4002 gold pieces at shops.

Inventory:

Hand Weapons
 a - a +9 sacred scourge of holy wrath (weapon)
 b - the +8 broad axe "Amaxt" {freeze, rF+ SInv}
   (You found it in a Gauntlet)

   rF+:       It protects you from fire.
   SInv:      It lets you see invisible.
Missiles
 L - 2 throwing nets
Armour
 g - the +4 faerie dragon scales {rF+ rCorr}
   (You took it off the Enchantress on level 4 of the Depths)

   rF+:       It protects you from fire.
   rCorr:     It protects you from acid and corrosion.
 u - +12 gold dragon scales (worn)
 v - the +3 pair of mountain boots (worn) {steadfast, rC+}
   (You bought it in a shop on level 4 of the Vaults)

   Steadfast: It prevents involuntary movement, except for blinking,
   teleportation, or banishment.
   rC+:       It protects you from cold.
 I - a +2 kite shield of reflection (worn)
 J - +0 shadow dragon scales
 K - the +3 cloak "Zoinuili" (worn) {Dex+2}
   (You found it in a Gauntlet)

   Dex+2:     It affects your dexterity (+2).
 U - the +0 mask of the Dragon (worn) {Will+ Slay+3 SInv}
   (You found it on level 3 of the Depths)

   Slay+3:    It affects your accuracy & damage with ranged weapons and melee
   (+3).
   Will+:     It increases your willpower.
   SInv:      It lets you see invisible.
 Y - a +2 pair of gloves of strength (worn)
Jewellery
 j - the ring "Gatrasoh" {rC+ AC+4 Str+2 Int+4 Dex-5}
   (You found it on level 5 of the Pits of Slime)

   [ring of protection]

   AC+4:      It affects your AC (+4).
   Str+2:     It affects your strength (+2).
   Int+4:     It affects your intelligence (+4).
   Dex-5:     It affects your dexterity (-5).
   rC+:       It protects you from cold.
 n - the ring of Daedut (right hand) {rF+ Will+}
   (You bought it in a shop on level 4 of the Depths)

   [ring of protection from fire]

   rF+:       It protects you from fire.
   Will+:     It increases your willpower.
 r - an amulet of reflection
 y - a +5 ring of evasion
 O - an amulet of regeneration (around neck)
 Q - the ring "Yrghoph" (left hand) {+Blink EV+5 Str+5 Dex-2}
   (You took it off an orc on level 1 of the Orcish Mines)

   [ring of evasion]

   EV+5:      It affects your evasion (+5).
   Str+5:     It affects your strength (+5).
   Dex-2:     It affects your dexterity (-2).
   +Blink:    It lets you blink.
 Z - the ring of Compassion {rF+ Str+2 Int+3 Stlth+}
   (You took it off a deep elf annihilator on level 3 of the Elven Halls)

   [ring of protection from fire]

   Str+2:     It affects your strength (+2).
   Int+3:     It affects your intelligence (+3).
   rF+:       It protects you from fire.
   Stlth+:    It makes you more stealthy.
Wands
 m - a wand of acid (53)
 o - a wand of mindburst (57)
 s - a wand of charming (57)
 A - a wand of iceblast (69)
 P - a wand of polymorph (41)
 X - a wand of digging (28)
Scrolls
 c - 2 scrolls of summoning
 e - 9 scrolls of fear
 i - 24 scrolls of teleportation
 l - 7 scrolls of vulnerability
 t - 7 scrolls of poison
 C - 8 scrolls of fog
 E - 29 scrolls of identify
 S - 4 scrolls of blinking
 V - 12 scrolls of revelation
 W - 3 scrolls of silence
Potions
 d - 10 potions of might
 h - 10 potions of enlightenment
 k - 6 potions of cancellation
 q - 8 potions of haste
 w - 19 potions of curing
 x - 5 potions of resistance
 z - 9 potions of heal wounds
 B - 10 potions of lignification
 F - 13 potions of mutation
 G - 3 potions of berserk rage
 H - 11 potions of brilliance
 N - 2 potions of magic
 R - 5 potions of ambrosia
Miscellaneous
 f - a lightning rod (4/4)
 p - a phial of floods
 D - a condenser vane
 M - a phantom mirror


   Skills:
 - Level 22.0 Fighting
 - Level 1.3 Short Blades
 - Level 16.1(18.0) Axes
 - Level 14.5(18.0) Maces & Flails
 - Level 1.0 Ranged Weapons
 - Level 22.0 Armour
 + Level 18.5 Dodging
 - Level 22.0 Shields
 - Level 1.2 Conjurations
 - Level 1.0 Hexes
 - Level 1.5 Summonings
 - Level 1.3 Necromancy
 - Level 1.5 Translocations
 - Level 1.6 Fire Magic
 - Level 1.2 Ice Magic
 - Level 0.7 Air Magic
 - Level 1.6 Earth Magic
 - Level 0.7 Alchemy
 * Level 25.0 Invocations
 - Level 12.9 Evocations
 - Level 0.6 Shapeshifting


You had 26 spell levels left.
You didn't know any spells.
Your spell library contained the following spells:

 Spells                   Type           Power      Damage    Failure   Level
 Apportation              Tloc           6%         N/A       75%         1
 Summon Small Mammal      Summ           12%        N/A       75%         1
 Foxfire                  Conj/Fire      12%        2x1d4     77%         1
 Freeze                   Ice            8%         1d3       78%         1
 Kiss of Death            Conj/Necr      8%         2d6       78%         1
 Necrotise                Necr           8%         1d4       78%         1
 Magic Dart               Conj           8%         1d3       80%         1
 Sting                    Conj/Alch      8%         1d3       82%         1
 Shock                    Conj/Air       8%         1d3       83%         1
 Lesser Beckoning         Tloc           6%         N/A       86%         2
 Call Imp                 Summ           6%         N/A       87%         2
 Searing Ray              Conj           4%         2d4       90%         2
 Call Canine Familiar     Summ           3%         N/A       98%         3
 Frozen Ramparts          Ice            4%         1d1       98%         3
 Fugue of the Fallen      Necr           2%         N/A       98%         3
 Gell's Gravitas          Tloc           3%         N/A       98%         3
 Hailstorm                Conj/Ice       2%         3d5       98%         3
 Inner Flame              Hex/Fire       3%         N/A       98%         3
 Ozocubu's Armour         Ice            2%         N/A       98%         3
 Summon Ice Beast         Ice/Summ       3%         N/A       98%         3
 Teleport Other           Tloc           3%         N/A       98%         3
 Volatile Blastmotes      Fire/Tloc      6%         2d10      98%         3
 Confusing Touch          Hex            2%         N/A       99%         3
 Dazzling Flash           Conj/Hex       4%         N/A       99%         3
 Mephitic Cloud           Conj/Alch/Air  2%         N/A       99%         3
 Swiftness                Air            1%         N/A       99%         3
 Tukima's Dance           Hex            2%         N/A       99%         3
 Airstrike                Air            0%         2d(1-17)  100%        4
 Animate Armour           Summ/Erth      6%         N/A       100%        4
 Animate Dead             Necr           2%         N/A       100%        4
 Dispel Undead            Necr           2%         3d7       100%        4
 Flame Wave               Conj/Fire      3%         2d5       100%        4
 Fulminant Prism          Conj/Alch      1%         3d5       100%        4
 Ignite Poison            Fire/Alch      2%         N/A       100%        4
 Iskenderun's Mystic Bla  Conj/Tloc      3%         2d3       100%        4
 Leda's Liquefaction      Alch/Erth      1%         N/A       100%        4
 Manifold Assault         Tloc           3%         N/A       100%        4
 Martyr's Knell           Necr/Summ      3%         N/A       100%        4
 Passage of Golubria      Tloc           3%         N/A       100%        4
 Petrify                  Alch/Erth      2%         N/A       100%        4
 Sticky Flame             Fire/Alch      2%         2d4       100%        4
 Summon Blazeheart Golem  Fire/Summ      3%         N/A       100%        4
 Summon Lightning Spire   Summ/Air       2%         N/A       100%        4
 Vhi's Electric Charge    Tloc/Air       4%         N/A       100%        4
 Arcjolt                  Conj/Air       1%         1d11      100%        5
 Curse of Agony           Necr           2%         N/A       100%        5
 Fireball                 Conj/Fire      1%         3d3       100%        5
 Irradiate                Conj/Alch      1%         3d12      100%        5
 Lee's Rapid Deconstruct  Erth           1%         3d4*      100%        5
 Metabolic Englaciation   Hex/Ice        1%         N/A       100%        5
 Silence                  Hex/Air        0%         N/A       100%        5
 Summon Forest            Summ/Tloc      1%         N/A       100%        5
 Summon Mana Viper        Hex/Summ       2%         N/A       100%        5
 Yara's Violent Unravell  Hex/Alch       1%         3d3       100%        5
 Death Channel            Necr           1%         N/A       100%        6
 Dispersal                Tloc           1%         N/A       100%        6
 Eringya's Noxious Bog    Alch           0%         4d6       100%        6
 Plasma Beam              Fire/Air       1%         2x1d11    100%        6
 Sculpt Simulacrum        Ice/Alch       1%         N/A       100%        6
 Starburst                Conj/Fire      1%         6d3       100%        6
 Summon Cactus Giant      Summ           1%         N/A       100%        6
 Haunt                    Necr/Summ      1%         N/A       100%        7
 Monstrous Menagerie      Summ           1%         N/A       100%        7
 Orb of Destruction       Conj           1%         9d5       100%        7
 Ozocubu's Refrigeration  Ice            1%         4d7       100%        7
 Spellforged Servitor     Conj/Summ      1%         N/A       100%        7
 Summon Hydra             Summ           1%         N/A       100%        7
 Ignition                 Fire           1%         3d3       100%        8
 Lehudib's Crystal Spear  Conj/Erth      1%         10d2      100%        8
 Maxwell's Capacitive Co  Air            0%         ∞         100%        8
 Sublimation of Blood     Necr           Unusable   N/A       N/A         2
 Cigotuvi's Dreadful Rot  Necr/Alch/Air  Unusable   N/A       N/A         2

Dungeon Overview and Level Annotations

Branches:
Dungeon (15/15)            Temple (0/1) D:6            Lair (5/5) D:9
 Shoals (4/4) Lair:2        Snake (4/4) Lair:2        Slime (5/5) Lair:4
    Orc (2/2) D:12            Elf (3/3) Orc:2        Vaults (5/5) D:14
  Crypt (3/3) Vaults:2       Tomb (0/3) Crypt:3      Depths (4/4) D:15
   Hell (visited)             Dis (0/7) Hell            Geh (0/7) Hell
    Coc (0/7) Hell            Tar (0/7) Hell            Zot (5/5) Depths:4
 Bailey (visited)         Gauntlet (visited)

Altars:
Dithmenos
Hepliaklqana
Kikubaaqudgha
Makhleb
Nemelex Xobeh
Okawaru
Qazlal
Ru
Sif Muna
Vehumet
Xom
Yredelemnul
Zin
The Shining One
Jiyva

Shops:
Orc:1 [   Orc:2 !*[=(   Elf:2 !(?!   Shoals:1 :   Snake:1 [?*   Vaults:3 (
Vaults:4 [[   Depths:1 :**   Depths:3 [   Depths:4 :=:

Portals:
Hell: Depths:1 Depths:2 Depths:3 Depths:4
Abyss: Depths:1 Depths:3
Pandemonium: Depths:1 Depths:2
Ziggurat: Depths:2
Trove: Vaults:4 (give +3 shadow dragon scales)

Annotations:
D:2 1 runed translucent door, Crazy Yiuf
Shoals:2 Roxanne
Snake:4 6 transporters
Vaults:4 1 runed translucent door, Bailed's ghost, veteran MiMo
Zot:4 3 runed translucent doors, Laevaasch's ghost, legendary GnFE; Sofait's ghost, legendary GnFE
Zot:5 exclusion: orange crystal statue


Innate Abilities, Weirdness & Mutations

You are immune to sickness and miasma.
Your stone body is resilient. (AC +20)
You are immune to poison.
Your large and strong wings let you fly.
You resist negative energy. (rN+)
You are resistant to electric shocks. (rElec)
You are resistant to unholy torment.
You are immune to petrification.
You are mostly covered in iridescent scales. (AC +4)
You have a somewhat thin skeletal structure. (Dex +2, Stealth+)
You are clumsy. (Dex -2)
You are frail. (-10% HP)
You are highly strong-willed. (Will++)
You are weak. (Str -2)


Message History

You destroy the large abomination!
The Shining One accepts your kill.
You feel better.
What level of the Dungeon? (default 1, ? - help)
There is a stone staircase leading up here.
You fly upwards.
There is a stone staircase leading down here.
There is a stone staircase leading up here.
You fly upwards.
There is a stone staircase leading down here.
There is a stone staircase leading up here.
You fly upwards.
There is a stone staircase leading down here.
There is a stone staircase leading up here.
You fly upwards.
There is a stone staircase leading down here.
There is a stone staircase leading down here.
You see here an adder skeleton.
An orange demon comes into view.
There is a stone staircase leading up here.
You fly upwards.
There is a stone staircase leading down here.
What level of the Dungeon? (default 1, ? - help)
Okay, then.
There is an open door here.
There is a stone staircase leading up here.
You fly upwards.
Level annotation: 1 runed translucent door, Crazy Yiuf
There is a stone staircase leading down here.
There is a stone staircase leading up here.
You fly upwards.
There is a stone staircase leading down here.
There is an escape hatch in the floor here.
There is a staircase leading out of the dungeon here.
You see here a +0 spear.
There is a staircase leading out of the dungeon here.
The Executioner hits the plant!
The plant begins to die.
The Executioner completely misses the plant.
The Executioner hits the plant.
You have escaped!

#.# ######...#.#......#.#
# #.#
P...P#...#.####.###.# #
#.# ♣♣...#...#..........#
# #.#
..P.P#.#.######.########
#.# ♣♣P..#.#.# #.# #.....
#.# PPP.PP#...# #.#
#.#### #.# ♣P..♣♣#...#
#.# #.# #.# PPP♣PP#.).#
#.# #.# #.# PP.P.P#.@.#
#.# #.# #.# ♣..P1#...#
#.# #.# #.# ♣PP..#...#
####.###.# ..#
.♣P..P#...# #........#
### PP..P.#.#.#
#.##.##### #
PPPPP.#.#.###.#..# #
.PPPP#...##....#########
######
..P.P.#...##..###....)..#
.....##########...#...#
#.......#


You could see an Executioner.

Vanquished Creatures
  Mara (Depths:1)
  5 orbs of fire (Zot:5)
  4 dread liches
  9 ancient liches
  A royal mummy (Crypt:3)
  Vv (Zot:3)
  4 Killer Klowns
  Margery (Depths:4)
  A curse toe (Crypt:3)
  Geryon (Hell)
  13 golden dragons
  Jory (Depths:4)
  Nikola (Snake:3)
  2 bone dragons
  2 electric golems
  6 doom hounds
  A Brimstone Fiend (Depths:2)
  A hellephant (Depths:4)
  21 tentacled monstrosities
  Mlioglotl (Shoals:1)
  3 deep elf blademasters
  6 titans
  26 Orb Guardians
  Grunn (Zot:3)
  5 liches
  2 deep elf master archers (Elf:3)
  A kraken (Shoals:1)
  8 quicksilver dragons
  2 sphinxes
  8 ancient champions
  19 acid blobs
  12 death cobs
  Polyphemus (Shoals:4)
  An Executioner (D:8)
  Gastronok (D:10)
  18 shadow dragons
  4 nagarajas (Snake:4)
  Agnes (Snake:1)
  16 storm dragons
  Donald (Vaults:3)
  2 revenants
  6 tengu reavers
  3 draconian monks
  Ilsuiw (Shoals:2)
  A demonspawn warmonger (Depths:2)
  6 rockslimes
  12 fire giants
  11 azure jellies
  An iron dragon (Vaults:5)
  5 draconian knights
  3 balrugs
  6 ghost moths
  22 vault wardens
  4 protean progenitors
  2 pandemonium lords
  6 deep elf sorcerers
  7 draconian scorchers
  14 frost giants
  4 deep elf elementalists
  Louise (Shoals:4)
  6 draconian shifters
  2 caustic shrike zombies
  5 draconian stormcallers
  20 very ugly things
  17 ironbound preservers
  A cacodemon (Depths:3)
  A juggernaut skeleton (Hell)
  7 orc warlords
  3 draconian annihilators
  4 spriggan defenders
  6 quicksilver oozes
  17 stone giants
  7 formless jellyfish
  10 ironbound thunderhulks
  5 reapers
  8 vampire knights
  17 green draconians
  2 spectral hellephants (Crypt:3)
  11 deep elf death magi
  11 red draconians
  5 deep elf demonologists
  11 black draconians
  13 dire elephants
  8 deep elf annihilators
  13 purple draconians
  8 war gargoyles
  6 yellow draconians
  12 spark wasps
  An eidolon (Crypt:3)
  A minotaur (Gauntlet)
  4 blizzard demons
  A green death (Depths:4)
  4 iron golems
  2 spectral elves (Crypt:3)
  9 white draconians
  Josephine (D:10)
  2 crystal guardians (Zot:1)
  A quicksilver dragon zombie (Hell)
  5 merfolk javelineers
  13 ettins
  15 fire dragons
  2 spectral krakens (Shoals:3)
  10 merfolk impalers
  8 deep elf high priests
  10 jiangshi (Crypt:3)
  An entropy weaver (Vaults:2)
  11 great orbs of eyes
  17 yaktaur captains
  A fenstrider witch zombie (Hell)
  3 rakshasas
  2 quicksilver dragon skeletons (Crypt:2)
  A peacekeeper (Vaults:4)
  35 vault guards
  2 ghost crabs (Shoals:3)
  5 hydras
  A spectral shadow dragon (Crypt:3)
  2 hell beasts (Depths:2)
  3 merfolk aquamancers (Shoals:4)
  3 ogre magi
  10 ice dragons
  6 ironbound frosthearts
  5 merfolk avatars
  2 alligators (Zot:2)
  11 anacondas
  2 spriggan air magi
  2 catoblepae
  18 naga warriors
  3 death knights
  28 centaur warriors
  2 spriggan skeletons (Hell)
  6 boulder beetles
  4 death yaks (Shoals:4)
  2 tengu warriors
  10 orc high priests
  10 deep troll shamans
  11 vampire magi
  A titan zombie (Crypt:3)
  A spriggan berserker (Depths:3)
  6 two-headed ogres
  3 thrashing horrors (Abyss:3)
  27 dancing weapons
  8 deep troll earth magi
  4 soul eaters
  12 hell knights
  22 deep elf knights
  7 hell hogs
  11 sun demons
  14 naga sharpshooters
  2 wretched stars (Abyss:3)
  A titan skeleton (Hell)
  8 skysharks
  9 shock serpents
  5 iron trolls
  2 golden dragon zombies
  31 skeletal warriors
  12 sea snakes
  2 bunyip zombies
  A sixfirhy (Depths:2)
  5 flayed ghosts
  10 mana vipers
  5 salamander mystics (Snake:4)
  6 spatial maelstroms (Abyss:3)
  8 glowing orange brains
  A death drake (Gauntlet)
  65 deep trolls
  6 arcanists
  6 naga ritualists
  3 orb spiders (Zot:1)
  An iron giant zombie (Crypt:1)
  2 anaconda zombies
  A tengu zombie (Depths:2)
  2 bunyip skeletons (Hell)
  8 phantasmal warriors
  14 deep elf archers
  24 deep elf pyromancers
  6 lindwurms
  An alligator zombie (Hell)
  19 ironbound convokers
  20 orc knights
  22 deep elf zephyrmancers
  2 wolf spider zombies (Gauntlet)
  A glowing shapeshifter (Vaults:5)
  12 necromancers
  7 orc sorcerers
  15 harpies
  An iron dragon zombie (Hell)
  The ghost of Amaterasu the Firebug, a novice DsFE of Gozag (D:6)
  2 frost giant zombies
  11 fauns
  A stone giant zombie (Crypt:2)
  A fire giant zombie (Depths:2)
  4 shining eyes
  14 manticores
  A tengu skeleton (Depths:2)
  6 cyclopes
  A wolf spider (D:15)
  2 worldbinders (Abyss:3)
  38 ugly things
  A shadow dragon skeleton (Depths:3)
  A cyclops (shapeshifter) (Vaults:5)
  16 salamanders
  16 elephants
  A goliath frog skeleton (Crypt:3)
  Maurice (D:7)
  A dire elephant zombie (Crypt:3)
  7 merfolk sirens
  3 meliai (D:15)
  27 moths of wrath
  An iron dragon skeleton (Crypt:2)
  8 large abominations
  16 naga magi
  An eye of devastation (shapeshifter) (Vaults:5)
  A storm dragon simulacrum (Hell)
  3 molten gargoyles (Hell)
  14 vault sentinels
  A dire elephant skeleton (Crypt:1)
  41 black mambas
  A guardian serpent (shapeshifter) (Vaults:5)
  9 guardian serpents
  7 rust devils
  7 smoke demons
  A centaur skeleton (Crypt:3)
  A titan simulacrum (Hell)
  2 spectral sea snakes (Shoals:3)
  8 water nymphs
  4 eyes of devastation
  3 orange demons
  10 cane toads
  A cane toad (shapeshifter) (Elf:3)
  4 hellions
  4 gargoyles
  4 komodo dragons
  3 unseen horrors
  A rime drake (Lair:1)
  3 efreet
  9 freezing wraiths
  47 yaktaurs
  A pale draconian skeleton (Crypt:1)
  3 tormentors
  4 spectral merfolk (Shoals:3)
  2 tengu conjurers
  A minotaur skeleton (Crypt:1)
  A guardian mummy (Vaults:4)
  5 ice devils
  A red devil (Hell)
  2 spectral harpies (Shoals:3)
  2 polar bears (shapeshifter)
  28 merfolk
  A hellwing (Depths:3)
  2 polar bears
  An unseen horror skeleton (Crypt:2)
  A harpy skeleton (Crypt:3)
  7 hornets
  A hornet (shapeshifter) (Elf:3)
  5 wind drakes
  7 trolls
  A tyrant leech (Zot:1)
  A raiju (Abyss:3)
  9 snapping turtles
  7 blink frogs
  4 dream sheep (Shoals:1)
  A stone giant simulacrum (Hell)
  82 slime creatures
  6 glass eyes
  A spriggan (shapeshifter) (Elf:3)
  3 air elementals
  2 centaur simulacra (Hell)
  6 spriggans
  9 wraiths
  10 water elementals
  38 yaks
  5 vampires
  6 wyverns
  A fire elemental (Elf:2)
  A black mamba skeleton (Crypt:2)
  4 shadows
  A slime creature zombie (Crypt:3)
  A human (D:14)
  2 wargs (Orc:2)
  8 basilisks
  4 steam dragons
  9 golden eyes (Slime:4)
  5 redbacks
  10 vampire mosquitoes
  7 small abominations
  4 spatial vortices
  32 nagas
  14 water moccasins
  A water nymph skeleton (Crypt:2)
  10 hell hounds (Hell)
  2 acid dragons
  2 naga zombies
  38 orc warriors
  A spectral hornet (Gauntlet)
  An ice beast (D:6)
  A naga skeleton (Hell)
  An elephant zombie (Crypt:1)
  3 black bears
  16 laughing skulls
  A boggart (Vaults:2)
  8 centaurs
  3 ettin simulacra (Depths:2)
  5 ogres
  12 wolves
  A snapping turtle skeleton (Crypt:3)
  A swamp dragon skeleton (Crypt:3)
  4 kobold brigands
  A weeping skull (D:14)
  A yaktaur zombie (Crypt:3)
  11 bullfrogs
  A draconian zombie (Crypt:3)
  A scorpion (D:5)
  12 wights
  2 spriggan zombies (Crypt:1)
  6 killer bees
  A yak skeleton (Crypt:3)
  9 vampire bats (Bailey)
  A raiju skeleton (Crypt:2)
  3 howler monkeys (D:11)
  4 wolf zombies (Bailey)
  5 lava snakes
  A crimson imp (D:12)
  A bombardier beetle (D:6)
  A bullfrog zombie (Crypt:3)
  A jelly (D:6)
  5 hounds
  26 orc priests
  A centaur zombie (Crypt:2)
  An iron imp (D:12)
  13 starcursed masses (Abyss:3)
  Ijyb (D:3)
  Natasha (thrice) (D:5)
  A basilisk skeleton (Crypt:1)
  A human skeleton (Crypt:3)
  A boggart zombie (Gauntlet)
  29 orc wizards
  9 hell rats
  A brain worm zombie (Crypt:3)
  An acid dragon zombie (Crypt:1)
  7 gnolls
  7 adders
  A steam dragon skeleton (Crypt:3)
  A swamp drake zombie (Crypt:3)
  3 shadow imps
  2 white imps
  7 ufetubi
  2 ribbon worms (D:2)
  96 orcs
  4 ball pythons
  5 bats
  An endoplasm (D:1)
  3 giant cockroaches
  4 goblins
  5 hobgoblins
  10 jackals
  18 kobolds
  4 quokkas
  A frilled lizard (D:2)
  A gnoll skeleton (Crypt:1)
  A gnoll zombie (Crypt:1)
  17 orc zombies (Bailey)
  8 rats
  A spectral orc (D:14)
  6 tentacles
2557 creatures vanquished.

Vanquished Creatures (collateral kills)
  the Royal Jelly (Slime:5)
  2 dread liches
  The ghost of Hynnuzim the Warrior, a veteran CeHu of the Shining One (Crypt:2)
  A golden dragon (Zot:1)
  the Enchantress (Depths:4)
  An electric golem (Zot:1)
  A sphinx (Zot:1)
  A death cob (Zot:1)
  Aizul (Elf:2)
  A rockslime (Slime:5)
  A vault warden (Vaults:4)
  A spriggan defender (Depths:4)
  A war gargoyle (Zot:1)
  A merfolk javelineer (Crypt:2)
  A death knight (D:8)
  A two-headed ogre (Orc:1)
  A thrashing horror (Abyss:3)
  2 dancing weapons
  An orc high priest (Orc:1)
  A deep elf knight (Crypt:2)
  A deep elf zephyrmancer (Elf:2)
  A deep elf pyromancer (Elf:2)
  A neqoxec (Abyss:3)
  A spatial vortex (Abyss:3)
  An orc warrior (Orc:1)
  2 orc priests (Orc:1)
29 creatures vanquished.

Vanquished Creatures (others)
  A tentacled monstrosity (Zot:1)
  A quicksilver dragon (Zot:1)
  A fire giant (Depths:4)
  An ettin (Vaults:5)
  A vault guard (Vaults:5)
  2 harpies (Shoals:4)
  A deep elf pyromancer (Elf:1)
  A manticore (Shoals:4)
  A merfolk siren (Shoals:4)
  A smoke demon (Hell)
  A gargoyle (D:14)
  An unseen horror (shapeshifter) (Abyss:3)
  A merfolk (Shoals:2)
  A tyrant leech (Zot:1)
  A golden eye (Slime:4)
  An ogre (shapeshifter) (Vaults:5)
  An orc wizard (Orc:2)
  14 tentacles
32 creatures vanquished.

Grand Total: 2618 creatures vanquished

Notes
Turn   | Place    | Note
-------+----------+-------------------------------------------
     0 | D:1      | Suckerboh the Gargoyle Fighter began the quest for the Orb.
     0 | D:1      | Reached XP level 1. HP: 14/14 MP: 1/1
   236 | D:1      | Reached XP level 2. HP: 17/19 MP: 2/2
   829 | D:2      | Reached XP level 3. HP: 10/24 MP: 3/3
   894 | D:2      | Reached XP level 4. HP: 23/29 MP: 4/4
  1182 | D:2      | Reached XP level 5. HP: 20/33 MP: 3/5
  1188 | D:2      | Reached skill level 1 in Dodging
  1643 | D:2      | Identified the +8 hammer of Xisymur {pain, rF++ rN+ Will-
                  | Int+3}
  1658 | D:2      | Found a runed translucent door.
  1659 | D:2      | Noticed Crazy Yiuf
  1948 | D:3      | Found a faded altar of an unknown god.
  2369 | D:3      | Noticed Ijyb
  2375 | D:3      | Killed Ijyb
  2576 | D:4      | Reached skill level 1 in Short Blades
  2580 | D:4      | Reached XP level 6. HP: 38/38 MP: 6/6
  2813 | D:4      | Noticed Natasha
  2827 | D:5      | Entered Level 5 of the Dungeon
  2898 | D:5      | Killed Natasha
  2953 | D:5      | Noticed Natasha
  2980 | D:5      | Killed Natasha
  3385 | D:3      | Prayed at the altar of an unknown god.
  3385 | D:3      | Became a worshipper of the Shining One
  3385 | D:3      | Reached * piety under the Shining One
  3615 | D:4      | Reached skill level 5 in Armour
  3642 | D:4      | Identified the +4 ring mail of Gravitas {Will+ Int+2}
  3738 | D:5      | Noticed Natasha
  3745 | D:5      | Killed Natasha
  3746 | D:5      | Reached XP level 7. HP: 44/44 MP: 7/7
  3871 | D:5      | Reached skill level 5 in Maces & Flails
  3966 | D:5      | Reached skill level 1 in Invocations
  4200 | D:5      | Identified the +0 leather armour of Dikoraot {rF+ Will-
                  | Regen+}
  4208 | D:5      | Reached XP level 8. HP: 46/48 MP: 7/9
  4823 | D:6      | Reached skill level 2 in Invocations
  5073 | D:6      | Reached skill level 5 in Fighting
  5389 | D:6      | Found a runed translucent door.
  5390 | D:6      | Noticed Amaterasu's ghost (novice DsFE)
  5595 | D:6      | Found a staircase to the Ecumenical Temple.
  5907 | D:6      | Killed Amaterasu's ghost
  5908 | D:6      | Reached skill level 3 in Invocations
  5908 | D:6      | Reached XP level 9. HP: 52/54 MP: 9/11
  5967 | D:7      | Reached ** piety under the Shining One
  6205 | D:7      | Found a flagged portal.
  6227 | Bailey   | Entered a bailey
  6236 | Bailey   | Identified a scroll of acquirement
  6241 | Bailey   | Acquired the +2 pair of slick slippers {slick, slippery,
                  | EV+4}
  6241 | Bailey   | Found the +2 pair of slick slippers {slick, slippery, EV+4}
  6337 | Bailey   | Reached skill level 4 in Invocations
  6339 | Bailey   | Reached *** piety under the Shining One
  6410 | Bailey   | Reached **** piety under the Shining One
  6485 | Bailey   | Noticed a gargoyle
  6498 | Bailey   | Killed a gargoyle
  6499 | Bailey   | Reached skill level 10 in Maces & Flails
  6499 | Bailey   | Reached XP level 10. HP: 42/60 MP: 9/13
  6669 | Bailey   | Reached skill level 5 in Shields
  6724 | Bailey   | Identified the +7 ring mail of Follow the Leader {Will-
                  | Str+9 Int+4}
  6731 | Bailey   | Identified the ring "Pithrit" {rPois Will+}
  6804 | D:7      | Noticed Maurice
  6817 | D:7      | Maurice stole an amulet of faith
  6831 | D:7      | Maurice stole 2 throwing nets
  6838 | D:7      | Maurice stole a throwing net
  6840 | D:7      | Killed Maurice
  7236 | D:7      | Noticed a red ugly thing
  7237 | D:7      | Noticed an unseen horror
  7251 | D:7      | Killed a red ugly thing
  7252 | D:7      | Reached skill level 5 in Invocations
  7273 | D:7      | Killed an unseen horror
  8234 | D:8      | Reached ***** piety under the Shining One
  8244 | D:8      | Noticed a green ugly thing
  8259 | D:8      | Killed a green ugly thing
  8260 | D:8      | Reached XP level 11. HP: 67/67 MP: 12/15
  8266 | D:8      | Reached skill level 6 in Invocations
  8591 | D:9      | Noticed a cyclops
  8600 | D:9      | Killed a cyclops
  8609 | D:9      | Noticed a boulder beetle
  8613 | D:9      | Noticed a deep elf pyromancer
  8613 | D:9      | Noticed a death knight
  8641 | D:9      | Killed a boulder beetle
  8788 | D:9      | Noticed a two-headed ogre
  8832 | D:8      | Killed a death knight
  8864 | D:8      | Killed a two-headed ogre
  8897 | D:9      | Killed a deep elf pyromancer
  8986 | D:9      | Found a staircase to the Lair.
  9126 | D:9      | Reached skill level 7 in Invocations
  9183 | D:9      | Noticed a two-headed ogre
  9195 | D:9      | Killed a two-headed ogre
  9285 | D:9      | Reached XP level 12. HP: 73/73 MP: 17/17
  9426 | D:9      | Found a bloodstained altar of Trog.
  9442 | D:9      | Found a shimmering altar of Xom.
  9442 | D:9      | Found a shimmering blue altar of Sif Muna.
  9444 | D:9      | Found a sparkling altar of Nemelex Xobeh.
  9444 | D:9      | Found a sacrificial altar of Ru.
  9444 | D:9      | Found a glowing silver altar of Zin.
  9487 | D:10     | Entered Level 10 of the Dungeon
  9695 | D:10     | Noticed Josephine
  9698 | D:10     | Noticed a two-headed ogre
  9711 | D:10     | Killed Josephine
  9736 | D:10     | Killed a two-headed ogre
  9750 | D:10     | Reached skill level 8 in Invocations
  9991 | D:10     | Noticed Gastronok
 10014 | D:10     | Killed Gastronok
 10196 | D:11     | Noticed a two-headed ogre
 10214 | D:11     | Killed a two-headed ogre
 10939 | Lair:1   | Entered Level 1 of the Lair of Beasts
 10986 | Lair:1   | Reached skill level 10 in Armour
 11152 | Lair:1   | Reached skill level 10 in Fighting
 11702 | Lair:2   | Found a staircase to the Shoals.
 11757 | Lair:2   | Reached skill level 9 in Invocations
 11765 | Lair:2   | Reached XP level 13. HP: 76/82 MP: 19/19
 11968 | Lair:2   | Found a staircase to the Snake Pit.
 14199 | Lair:4   | Reached skill level 10 in Invocations
 14261 | Lair:4   | Found a staircase to the Slime Pits.
 14426 | Lair:5   | Entered Level 5 of the Lair of Beasts
 14426 | Lair:5   | Found a gate leading to a gauntlet.
 14544 | Lair:5   | Gained mutation: Your large and strong wings let you fly.
                  | [Gargoyle growth]
 14544 | Lair:5   | Reached XP level 14. HP: 76/92 MP: 21/21
 14604 | Gauntlet | Entered a Gauntlet
 14604 | Gauntlet | Found a transporter.
 14604 | Gauntlet | Found a transporter.
 14609 | Gauntlet | Found a transporter.
 14624 | Gauntlet | Found a transporter.
 14626 | Gauntlet | Reached ****** piety under the Shining One
 14640 | Gauntlet | Found a transporter.
 14652 | Gauntlet | Found a transporter.
 14671 | Gauntlet | Found a transporter.
 14760 | Gauntlet | Found a transporter.
 14775 | Gauntlet | Found a transporter.
 14790 | Gauntlet | Found a transporter.
 14805 | Gauntlet | Found a transporter.
 14810 | Gauntlet | Found the ring of Shadows {Umbra +Inv Stlth+}
 14900 | Gauntlet | Found a transporter.
 14900 | Gauntlet | Found a transporter.
 14910 | Gauntlet | Found a transporter.
 14918 | Gauntlet | Found a transporter.
 14921 | Gauntlet | Found a transporter.
 15083 | Gauntlet | Identified the +3 cloak "Zoinuili" {Dex+2}
 15106 | Gauntlet | Identified the staff "Riodeun" {rPois rCorr Str+4 Int-3
                  | Dex+3 Alchemy}
 15163 | Gauntlet | Identified the +2 pair of gloves "Idaalyc" {-Cast *Slow
                  | rC++ Str+8}
 15173 | Gauntlet | Identified the +8 broad axe "Amaxt" {freeze, rF+ SInv}
 15194 | Gauntlet | Identified the +12 glaive of Scorn {freeze, rElec rCorr
                  | Dex+5}
 15231 | Gauntlet | Identified the +0 leather armour "Weat" {Rampage rC+}
 15232 | Gauntlet | Got the Book of Transmuted Oxidation
 15507 | Lair:5   | Reached skill level 1 in Axes
 15570 | Lair:5   | Identified the +4 trident "Koaduuk" {heavy, rN+ Str+2
                  | Dex+3}
 16321 | D:12     | Found a staircase to the Orcish Mines.
 16652 | Orc:1    | Entered Level 1 of the Orcish Mines
 16772 | Orc:1    | Reached skill level 11 in Invocations
 16901 | Orc:1    | Found Kyhuwn's Antique Armour Shop.
 16925 | Orc:1    | Bought a polished helmet for 256 gold pieces
 16925 | Orc:1    | Identified the +0 helmet "Beteiff" {rPois rN++ Will-
                  | Regen+} (You bought it in a shop on level 1 of the Orcish
                  | Mines)
 16930 | Orc:1    | Bought a pair of runed gloves for 202 gold pieces
 16940 | Orc:1    | Bought a pair of embroidered gloves for 202 gold pieces
 16992 | Orc:1    | Found a transporter.
 17241 | Orc:1    | Found a transporter.
 17245 | Orc:1    | Identified the ring "Yrghoph" {+Blink EV+5 Str+5 Dex-2}
 17546 | Orc:2    | Entered Level 2 of the Orcish Mines
 17546 | Orc:2    | Found a burning altar of Makhleb.
 17586 | Orc:2    | Noticed an orc warlord
 17626 | Orc:2    | Killed an orc warlord
 17747 | Orc:2    | Reached XP level 15. HP: 96/99 MP: 23/23
 17868 | Orc:2    | Found a staircase to the Elven Halls.
 17890 | Orc:2    | Noticed an orc warlord
 17918 | Orc:2    | Killed an orc warlord
 17919 | Orc:2    | Reached skill level 10 in Shields
 18384 | Orc:2    | Found Gamirib's Distillery.
 18592 | Orc:2    | Found Racevi's Antique Armour Emporium.
 18593 | Orc:2    | Found Duvuxig's Antique Weapon Shoppe.
 18595 | Orc:2    | Found Sistriom's General Store.
 18595 | Orc:2    | Found Tofrotz's Jewellery Emporium.
 18620 | Orc:2    | Bought a scroll of enchant armour for 135 gold pieces
 18620 | Orc:2    | Bought a scroll of enchant armour for 135 gold pieces
 19632 | D:14     | Reached skill level 12 in Invocations
 19997 | D:14     | Found a basalt altar of Yredelemnul.
 20435 | D:14     | Found a gate to the Vaults.
 20692 | D:15     | Entered Level 15 of the Dungeon
 20820 | D:15     | Found a staircase to the Depths.
 20868 | D:15     | Reached skill level 5 in Axes
 21273 | D:15     | Reached XP level 16. HP: 70/106 MP: 25/25
 21944 | Snake:1  | Entered Level 1 of the Snake Pit
 22312 | Snake:1  | Found Zucs's Antique Armour Shop.
 22314 | Snake:1  | Found Waihuemm's Magic Scroll Boutique.
 22316 | Snake:1  | Found Ufufeik's Assorted Antiques.
 22364 | Snake:1  | Bought a scroll of identify for 28 gold pieces
 22364 | Snake:1  | Bought a scroll of identify for 28 gold pieces
 22364 | Snake:1  | Bought a scroll of identify for 28 gold pieces
 22364 | Snake:1  | Bought a scroll of enchant armour for 105 gold pieces
 22364 | Snake:1  | Bought a scroll of identify for 28 gold pieces
 22397 | Snake:1  | Bought a scroll labelled FINKOZX XUVIUSK for 35 gold pieces
 22759 | Snake:1  | Noticed Agnes
 22768 | Snake:1  | Killed Agnes
 23070 | Snake:2  | Identified the +1 leather armour of Articulation {rCorr
                  | MP+9}
 23344 | Snake:2  | Reached skill level 13 in Invocations
 24235 | Snake:3  | Reached skill level 15 in Fighting
 24629 | Snake:3  | Reached XP level 17. HP: 113/113 MP: 26/26
 24952 | Snake:4  | Entered Level 4 of the Snake Pit
 25039 | Snake:4  | Noticed Nikola
 25108 | Snake:3  | Killed Nikola
 25244 | Snake:4  | Reached skill level 15 in Shields
 25735 | Snake:4  | Found a transporter.
 25740 | Snake:4  | Found a transporter.
 26038 | Snake:4  | Found a transporter.
 26039 | Snake:4  | Found a transporter.
 26996 | Snake:4  | Reached skill level 14 in Invocations
 27082 | Snake:4  | Got a serpentine rune of Zot
 27196 | Snake:4  | Found a transporter.
 27201 | Snake:4  | Found a transporter.
 27508 | Orc:2    | Bought a potion of mutation for 104 gold pieces
 27534 | Elf:1    | Entered Level 1 of the Elven Halls
 27699 | Elf:1    | Paralysed by an air elemental for 1 turns
 27936 | Elf:1    | Reached XP level 18. HP: 72/120 MP: 28/28
 28374 | Elf:1    | Found a shimmering blue altar of Sif Muna.
 29279 | Elf:2    | Found Zonacy's Magic Scroll Shoppe.
 29299 | Elf:2    | Found Ketudut's Distillery.
 29299 | Elf:2    | Found Molukk's Distillery.
 29304 | Elf:2    | Found Kuotue's Antique Weapon Emporium.
 29320 | Elf:2    | Bought a potion of heal wounds for 75 gold pieces
 29320 | Elf:2    | Bought 2 potions of heal wounds for 150 gold pieces
 29326 | Elf:2    | Bought a potion of heal wounds for 85 gold pieces
 29326 | Elf:2    | Bought a potion of might for 68 gold pieces
 29332 | Elf:2    | Bought a potion of haste for 150 gold pieces
 29332 | Elf:2    | Bought a potion of haste for 150 gold pieces
 29790 | Elf:2    | Found a huge runed translucent gate.
 29790 | Elf:2    | Found a huge runed translucent gate.
 29790 | Elf:2    | Found a huge runed translucent gate.
 29794 | Elf:2    | Found a huge runed translucent gate.
 29797 | Elf:2    | Found a huge runed translucent gate.
 29970 | Elf:2    | Identified the serpent talisman of the Nine Tales {Str+6
                  | Dex+4 SInv}
 29970 | Elf:2    | Noticed Aizul
 29988 | Elf:2    | Killed Aizul
 30473 | Elf:2    | Reached skill level 15 in Armour
 30778 | Elf:3    | Entered Level 3 of the Elven Halls
 30811 | Elf:3    | Noticed a deep elf blademaster
 30832 | Elf:2    | Killed a deep elf blademaster
 31019 | Elf:3    | Paralysed by an air elemental for 1 turns
 31025 | Elf:3    | Paralysed by an air elemental for 1 turns
 31132 | Elf:3    | Paralysed by an air elemental for 1 turns
 31137 | Elf:3    | Paralysed by an air elemental for 1 turns
 31177 | Elf:3    | Identified the +3 robe of the Little Devil {Str+6}
 31177 | Elf:3    | Identified the +3 war axe of Askinaeq {freeze, Fly rElec
                  | Int-5 Dex+8}
 31177 | Elf:3    | Identified the ring of Compassion {rF+ Str+2 Int+3 Stlth+}
 31187 | Elf:3    | Identified the +4 robe "Dadeh" {rPois rN+ Will- Dex+3}
 31288 | Elf:3    | Noticed an Ice Fiend
 31289 | Elf:3    | Reached XP level 19. HP: 127/127 MP: 30/30
 31448 | Elf:3    | Noticed an Ice Fiend
 31987 | Elf:2    | Found a radiant altar of Vehumet.
 32073 | Elf:3    | Identified the +7 flail of Nipn {antimagic, rN+ Will+ Str-5
                  | Dex+4}
 32212 | Elf:3    | Identified the +0 scimitar "Maedigh" {spect, rElec Will+
                  | Dex+4}
 32558 | Elf:3    | Reached skill level 10 in Axes
 32736 | Elf:3    | Identified the staff "Impslayer" {rElec rPois rC+ Int+3
                  | Dex+2 Air}
 32774 | Abyss:3  | Cast into level 3 of the Abyss (a deep elf sorcerer)
 32775 | Abyss:3  | Found a corrupted altar of Lugonu.
 32806 | Abyss:3  | Found a corrupted altar of Lugonu.
 32836 | Abyss:3  | Paralysed by accursed screaming for 1 turns
 32950 | Abyss:3  | Found a corrupted altar of Lugonu.
 33001 | Abyss:3  | Found a corrupted altar of Lugonu.
 33086 | Abyss:3  | Noticed a bone dragon
 33099 | Abyss:3  | Killed a bone dragon
 33155 | Elf:3    | Escaped the Abyss
 33413 | Elf:3    | Noticed a Hell Sentinel
 33497 | Elf:3    | Got the Treatise on Misery and Nonlocality
 33535 | Elf:3    | Got Xiluc's Tome of the Glowing Deep Freeze
 33770 | Elf:3    | Identified the +10 great sword of Patterns {heavy, rPois
                  | Int+2}
 33770 | Elf:3    | Identified the +12 chain mail "Mogg" {Rampage rElec rPois
                  | rF-}
 34098 | Vaults:1 | Entered Level 1 of the Vaults
 34552 | Vaults:1 | Reached XP level 20. HP: 135/135 MP: 31/31
 36443 | Vaults:2 | Found a staircase to the Crypt.
 36972 | Vaults:3 | Reached XP level 21. HP: 140/141 MP: 32/32
 36977 | Vaults:3 | Noticed Donald
 36985 | Vaults:3 | Killed Donald
 37120 | Vaults:3 | Reached skill level 15 in Axes
 37302 | Vaults:3 | Found Ofain's Antique Weapon Shoppe.
 38115 | Vaults:4 | Identified a +2 sacred scourge of holy wrath (a +0 demon
                  | whip blessed by the Shining One)
 38115 | Vaults:4 | Received a gift from the Shining One
 38235 | Vaults:4 | Found Kobrorosm's Antique Armour Shop.
 38311 | Vaults:4 | Found a runed translucent door.
 38311 | Vaults:4 | Found a shimmering altar of Xom.
 38311 | Vaults:4 | Noticed Bailed's ghost (veteran MiMo)
 38589 | Vaults:4 | Found a portal to a secret trove of treasure.
 38759 | Vaults:4 | Found Qomug's Antique Armour Shop.
 38767 | Vaults:4 | Bought the +3 pair of mountain boots {steadfast, rC+} for
                  | 1172 gold pieces
 38767 | Vaults:4 | Found the +3 pair of mountain boots {steadfast, rC+}
 38801 | Vaults:4 | Reached skill level 5 in Dodging
 39780 | Shoals:1 | Entered Level 1 of the Shoals
 39788 | Shoals:1 | Reached XP level 22. HP: 150/150 MP: 33/33
 39893 | Shoals:1 | Acquired 527 gold pieces
 39953 | Shoals:1 | Noticed Mlioglotl
 39965 | Shoals:1 | Killed Mlioglotl
 40060 | Shoals:1 | Found Gunta's Book Emporium.
 40495 | Shoals:2 | Noticed Ilsuiw
 40509 | Shoals:2 | Killed Ilsuiw
 40608 | Shoals:2 | Noticed Roxanne
 41291 | Shoals:4 | Entered Level 4 of the Shoals
 41292 | Shoals:4 | Noticed Polyphemus
 41312 | Shoals:4 | Killed Polyphemus
 41463 | Shoals:4 | Noticed Louise
 41483 | Shoals:4 | Killed Louise
 41590 | Shoals:4 | Identified the +5 long sword of the Scorching Blowfly
                  | {pain, Dex+4}
 41897 | Shoals:4 | Got a barnacled rune of Zot
 42161 | Depths:1 | Entered Level 1 of the Depths
 42229 | Depths:1 | Found Xusamud's Specific Store.
 42231 | Depths:1 | Found Dopreer's General Store.
 42235 | Depths:1 | Bought a potion of ambrosia for 104 gold pieces
 42300 | Depths:1 | Found a one-way gate to the infinite horrors of the Abyss.
 42341 | Depths:1 | Noticed Mara
 42354 | Depths:1 | Noticed Suckerboh's illusion
 42357 | Depths:1 | Killed Mara
 42456 | Depths:1 | Reached XP level 23. HP: 149/156 MP: 34/34
 42523 | Depths:1 | Found a one-way gate leading to the halls of Pandemonium.
 42532 | Depths:1 | Found Irook's Book Shoppe.
 42650 | Depths:1 | Found a stormy altar of Qazlal.
 42980 | Depths:1 | Found a gateway to Hell.
 43459 | Depths:2 | Found a one-way gateway to a ziggurat.
 44266 | Depths:3 | Reached skill level 10 in Dodging
 44266 | Depths:3 | Reached skill level 1 in Fire Magic
 44309 | Depths:3 | Reached skill level 1 in Earth Magic
 44441 | Depths:3 | Noticed a golden dragon
 44458 | Depths:3 | Killed a golden dragon
 44459 | Depths:3 | Reached skill level 1 in Summonings
 44467 | Depths:3 | Reached skill level 1 in Translocations
 44534 | Depths:3 | Found a hazy altar of Hepliaklqana.
 44535 | Depths:3 | Found the +0 mask of the Dragon {Will+ Slay+3 SInv}
 44549 | Depths:3 | Reached skill level 1 in Necromancy
 44550 | Depths:3 | Found an ancient bone altar of Kikubaaqudgha.
 44593 | Depths:3 | Identified the +1 kite shield "Hero's Friend" {Will+}
 44597 | Depths:3 | Identified the +9 whip of Xom's Grace {flame, Dex+4}
 44622 | Depths:3 | Reached skill level 1 in Ice Magic
 44791 | Depths:3 | Reached skill level 1 in Conjurations
 44864 | Depths:3 | Reached skill level 1 in Ranged Weapons
 44870 | Depths:3 | Reached skill level 1 in Hexes
 44870 | Depths:3 | Found a hazy altar of Hepliaklqana.
 44905 | Depths:3 | Found a shimmering altar of Xom.
 44926 | Depths:3 | Found Teasuew's Armour Shop.
 44935 | Depths:3 | Bought a +1 pair of gloves of strength for 198 gold pieces
 45415 | Depths:4 | Entered Level 4 of the Depths
 45466 | Depths:4 | Reached XP level 24. HP: 122/163 MP: 34/34
 45617 | Depths:4 | Noticed Margery
 45643 | Depths:4 | Killed Margery
 45669 | Depths:4 | Noticed Jory
 45688 | Depths:4 | Killed Jory
 45689 | Depths:4 | Reached skill level 15 in Invocations
 45822 | Depths:4 | Found a shadowy altar of Dithmenos.
 45976 | Depths:4 | Found a gate to the Realm of Zot.
 46452 | Depths:4 | Noticed the Enchantress
 46481 | Depths:4 | Killed the Enchantress
 46701 | Depths:4 | Found Raliraer's Book Boutique.
 46702 | Depths:4 | Found Keemep's Jewellery Emporium.
 46703 | Depths:4 | Found Munuefeum's Book Boutique.
 46721 | Depths:4 | Bought the ring of Daedut {rF+ Will+} for 564 gold pieces
 46760 | Hell     | Entered the Vestibule of Hell
 46760 | Hell     | Noticed Geryon
 46885 | Hell     | Reached skill level 16 in Invocations
 47028 | Hell     | Killed Geryon
 47123 | Hell     | Found a gateway to the freezing wastes of Cocytus.
 47269 | Hell     | Found a gateway to the ashen valley of Gehenna.
 47356 | Hell     | Found a gateway to the decaying netherworld of Tartarus.
 47423 | Hell     | Found a gateway to the Iron City of Dis.
 47768 | Crypt:1  | Entered Level 1 of the Crypt
 47829 | Crypt:1  | Reached skill level 1 in Evocations
 47930 | Crypt:1  | Found an ancient bone altar of Kikubaaqudgha.
 48099 | Crypt:1  | Reached XP level 25. HP: 171/171 MP: 35/35
 48334 | Crypt:1  | Noticed an ancient lich
 48338 | Crypt:1  | Killed an ancient lich
 49038 | Crypt:2  | Found a runed translucent gate.
 49039 | Crypt:2  | Found a runed translucent gate.
 49040 | Crypt:2  | Found a runed translucent gate.
 49041 | Crypt:2  | Noticed Hynnuzim's ghost (veteran CeHu)
 49043 | Crypt:2  | Found the +5 scythe "Finisher" {speed, execute}
 49044 | Crypt:2  | Found an iron altar of Okawaru.
 49455 | Crypt:2  | Killed Hynnuzim's ghost
 49471 | Crypt:2  | Identified the +1 cloak "Amani" {rElec Regen+}
 49531 | Crypt:3  | Entered Level 3 of the Crypt
 49598 | Crypt:3  | Noticed a dread lich
 49620 | Crypt:3  | Killed a dread lich
 49937 | Crypt:3  | Found a staircase to the Tomb.
 49945 | Crypt:3  | Reached skill level 17 in Invocations
 50332 | Crypt:3  | Identified the +0 chain mail "Leelar" {Will+ Str+3 Stlth+}
 50431 | Crypt:3  | Found an ancient bone altar of Kikubaaqudgha.
 50436 | Crypt:3  | Noticed a royal mummy
 50439 | Crypt:3  | Found a basalt altar of Yredelemnul.
 50451 | Crypt:3  | Killed a royal mummy
 50452 | Crypt:3  | Reached skill level 5 in Evocations
 50453 | Crypt:3  | Identified the ring "Amem" {^Drain Will+ Str+3 Dex+6
                  | Stlth-}
 50510 | Crypt:3  | Identified the +1 short sword of Zohuhyiq {flame, Str+2
                  | Int+4 SInv}
 50870 | Vaults:5 | Entered Level 5 of the Vaults
 50939 | Vaults:5 | Noticed a dread lich
 50941 | Vaults:5 | Noticed a dread lich
 50969 | Vaults:4 | Killed a dread lich
 50970 | Vaults:4 | Killed a dread lich
 51224 | Vaults:5 | Reached XP level 26. HP: 154/179 MP: 35/35
 51240 | Vaults:5 | Noticed an ancient lich
 51317 | Vaults:5 | Reached skill level 18 in Invocations
 51321 | Vaults:5 | Killed an ancient lich
 51366 | Vaults:5 | Identified the staff "Tiwomon" {*Slow rN+ Int+5 Dex+5
                  | Necro}
 51447 | Vaults:5 | Noticed an ancient lich
 51462 | Vaults:5 | Killed an ancient lich
 51500 | Vaults:5 | Identified the +0 quarterstaff of Kilutiaf {holy, Str+2
                  | Dex+3}
 51815 | Vaults:5 | Identified the +1 ring mail of the Majestic Mertaur
                  | {Rampage rElec rCorr Str-4}
 51962 | Vaults:5 | Identified the amulet of Vehumet's Delight {Acrobat Str+3}
 52022 | Vaults:5 | Reached skill level 19 in Invocations
 52245 | Vaults:5 | Noticed a dread lich
 52264 | Vaults:5 | Killed a dread lich
 52328 | Vaults:5 | Identified the ring of Levity {Will- MP+9 Str-3 Int+10
                  | SInv}
 52420 | Vaults:5 | Identified the staff of Waajodor {rElec rCorr Air}
 52628 | Vaults:5 | Got a silver rune of Zot
 52669 | Vaults:5 | Identified the amulet "Becsiek" {Spirit Fly}
 52810 | Vaults:5 | Reached skill level 10 in Evocations
 53372 | Slime:1  | Entered Level 1 of the Pits of Slime
 53596 | Slime:2  | Gained mutation: You are dopey. (Int -2) [a shining eye]
 54633 | Slime:4  | Gained mutation: Your body sometimes deteriorates upon
                  | taking damage. [a shining eye]
 54646 | Slime:4  | Reached XP level 27. HP: 183/184 MP: 28/36
 54709 | Slime:4  | Reached skill level 20 in Invocations
 55061 | Slime:5  | Entered Level 5 of the Pits of Slime
 55087 | Slime:5  | Noticed the Royal Jelly
 55673 | Slime:5  | Found a viscous altar of Jiyva.
 55792 | Slime:5  | Killed the Royal Jelly
 55882 | Slime:5  | Got a slimy rune of Zot
 55883 | Slime:5  | Identified the amulet of Sin {Acrobat *Slow rElec Str+4
                  | Dex+4}
 55905 | Slime:5  | Got the Thoughts on Turbulence and the Maleficium
 55906 | Slime:5  | Identified the +10 spear of Valiance {flame, Int+5}
 55908 | Slime:5  | Got the Folio of the Eight Boll Weevils
 55942 | Slime:5  | Identified the +0 leather armour "Pyuhex Ocw" {Str+2}
 55973 | Slime:5  | Identified the ring "Gatrasoh" {rC+ AC+4 Str+2 Int+4 Dex-5}
 56119 | Lair:4   | Lost mutation: Your body sometimes deteriorates upon taking
                  | damage. [potion of mutation]
 56119 | Lair:4   | Lost mutation: You are dopey. (Int -2) [potion of mutation]
 56119 | Lair:4   | Gained mutation: Your movements are slightly less
                  | encumbered by armour. (ER -2) [potion of mutation]
 56119 | Lair:4   | Gained mutation: You passively dampen the noise of your
                  | surroundings. [potion of mutation]
 56445 | Zot:1    | Entered Level 1 of the Realm of Zot
 56901 | Zot:1    | Got Codiucast's Treatise on the Swarm
 56996 | Zot:1    | Identified the blade talisman of the Eight Artisans {rCorr
                  | Dex+2 SInv Stlth+}
 57066 | Zot:1    | Reached skill level 21 in Invocations
 57090 | Zot:1    | Noticed a dread lich
 57142 | Zot:1    | Killed a dread lich
 57917 | Zot:1    | Identified the +4 leather armour of Nemelex Xobeh's Favour
                  | {rElec Regen+}
 58840 | Zot:3    | Noticed Grunn
 58856 | Zot:3    | Killed Grunn
 58968 | Zot:3    | Reached skill level 15 in Dodging
 58985 | Zot:3    | Reached skill level 22 in Invocations
 59366 | Zot:3    | Noticed Vv
 59402 | Zot:3    | Killed Vv
 60451 | Zot:4    | Found a runed translucent gate.
 60864 | Zot:4    | Reached skill level 23 in Invocations
 60907 | Zot:4    | Found a runed translucent gate.
 60907 | Zot:4    | Found an ancient bone altar of Kikubaaqudgha.
 60907 | Zot:4    | Found a runed translucent gate.
 60907 | Zot:4    | Noticed an ancient lich
 60907 | Zot:4    | Noticed Laevaasch's ghost (legendary GnFE)
 60907 | Zot:4    | Noticed Sofait's ghost (legendary GnFE)
 60907 | Zot:4    | Noticed a dread lich
 60907 | Zot:4    | Noticed an ancient lich
 61110 | Zot:5    | Entered Level 5 of the Realm of Zot
 62194 | Zot:5    | Noticed an ancient lich
 62209 | Zot:5    | Killed an ancient lich
 62215 | Zot:5    | Noticed an ancient lich
 62221 | Zot:5    | Killed an ancient lich
 62633 | Zot:5    | Noticed an orb of fire
 62633 | Zot:5    | Noticed an orb of fire
 62643 | Zot:5    | Gained mutation: You are clumsy. (Dex -2) [an orb of fire]
 62650 | Zot:5    | Gained mutation: You are occasionally teleported next to
                  | monsters. [an orb of fire]
 62653 | Zot:5    | Killed an orb of fire
 62653 | Zot:5    | Gained mutation: Armour fits poorly on your strangely
                  | shaped body. [an orb of fire]
 62658 | Zot:5    | Killed an orb of fire
 62662 | Zot:5    | Noticed an ancient lich
 62664 | Zot:5    | Noticed an ancient lich
 62667 | Zot:5    | Noticed an ancient lich
 62676 | Zot:5    | Killed an ancient lich
 62681 | Zot:5    | Killed an ancient lich
 62683 | Zot:5    | Reached skill level 24 in Invocations
 62688 | Zot:5    | Killed an ancient lich
 62728 | Zot:5    | Lost mutation: You passively dampen the noise of your
                  | surroundings. [potion of mutation]
 62728 | Zot:5    | Lost mutation: You are occasionally teleported next to
                  | monsters. [potion of mutation]
 62728 | Zot:5    | Lost mutation: Your movements are slightly less encumbered
                  | by armour. (ER -2) [potion of mutation]
 62728 | Zot:5    | Gained mutation: You have a pair of small antennae on your
                  | head. [potion of mutation]
 62728 | Zot:5    | Gained mutation: You have sharp toenails. [potion of
                  | mutation]
 62841 | Zot:5    | Noticed a dread lich
 62849 | Zot:5    | Noticed an orb of fire
 62858 | Zot:5    | Killed a dread lich
 62860 | Zot:5    | Noticed an orb of fire
 62861 | Zot:5    | Gained mutation: Potions are less effective at restoring
                  | your health. [an orb of fire]
 62867 | Zot:5    | Killed an orb of fire
 62867 | Zot:5    | Gained mutation: You are vulnerable to cold. (rC-) [an orb
                  | of fire]
 62870 | Zot:5    | Gained mutation: You are frail. (-10% HP) [an orb of fire]
 62878 | Zot:5    | Killed an orb of fire
 62881 | Zot:5    | Noticed an ancient lich
 62898 | Zot:5    | Killed an ancient lich
 62909 | Zot:5    | Noticed an orb of fire
 62911 | Zot:5    | Gained mutation: You occasionally lose the ability to drink
                  | potions when taking damage. [an orb of fire]
 62917 | Zot:5    | Gained mutation: You are weak. (Str -2) [an orb of fire]
 62919 | Zot:5    | Gained mutation: You have an increased reservoir of magic.
                  | (+10% MP) [an orb of fire]
 62921 | Zot:5    | Gained mutation: You are very frail. (-20% HP) [an orb of
                  | fire]
 62922 | Zot:5    | Killed an orb of fire
 62939 | Zot:5    | Lost mutation: You are very frail. (-20% HP) [potion of
                  | mutation]
 62939 | Zot:5    | Lost mutation: Armour fits poorly on your strangely shaped
                  | body. [potion of mutation]
 62939 | Zot:5    | Lost mutation: Potions are less effective at restoring your
                  | health. [potion of mutation]
 62939 | Zot:5    | Gained mutation: Your flesh is heat resistant. (rF+)
                  | [potion of mutation]
 62940 | Zot:5    | Lost mutation: You occasionally lose the ability to drink
                  | potions when taking damage. [potion of mutation]
 62940 | Zot:5    | Lost mutation: You have a pair of small antennae on your
                  | head. [potion of mutation]
 62940 | Zot:5    | Gained mutation: You have a somewhat thin skeletal
                  | structure. (Dex +2, Stealth+) [potion of mutation]
 62940 | Zot:5    | Gained mutation: You do not regenerate when monsters are
                  | visible. [potion of mutation]
 62940 | Zot:5    | Gained mutation: You are strong-willed. (Will+) [potion of
                  | mutation]
 62941 | Zot:5    | Lost mutation: Your flesh is heat resistant. (rF+) [potion
                  | of mutation]
 62941 | Zot:5    | Lost mutation: You have sharp toenails. [potion of
                  | mutation]
 62941 | Zot:5    | Gained mutation: You are partially covered in iridescent
                  | scales. (AC +2) [potion of mutation]
 62941 | Zot:5    | Lost mutation: You are vulnerable to cold. (rC-) [potion of
                  | mutation]
 62942 | Zot:5    | Lost mutation: You do not regenerate when monsters are
                  | visible. [potion of mutation]
 62942 | Zot:5    | Lost mutation: You have an increased reservoir of magic.
                  | (+10% MP) [potion of mutation]
 62942 | Zot:5    | Gained mutation: You are mostly covered in iridescent
                  | scales. (AC +4) [potion of mutation]
 62942 | Zot:5    | Gained mutation: You are highly strong-willed. (Will++)
                  | [potion of mutation]
 62975 | Zot:5    | Got the Orb of Zot
 63177 | Depths:3 | Noticed Voaduv the pandemonium lord
 63186 | Depths:3 | Killed Voaduv the pandemonium lord
 63214 | Depths:2 | Noticed Gibagg the pandemonium lord
 63229 | Depths:2 | Killed Gibagg the pandemonium lord
 63525 | D:8      | Reached skill level 25 in Invocations
 63682 | D:$      | Escaped with the Orb!

Illustrated notes

Levels and vault maps discovered:
D:1:      minmay_arrival_arboretum_small, layout_basic
D:2:      layout_basic, uniq_crazy_yiuf_cottage
D:3:      layout_basic, ebering_ecumenical_altar_webs, item_on_display_a,
          uniq_ijyb
D:4:      layout_loops_cross, kennysheep_nub, hangedman_abyss_or_decor_stabs,
          nicolae_half_adder, uniq_natasha
D:5:      layout_loops_ring
D:6:      layout_basic, minmay_temple_entry_fiery, ebering_ghost_reflecting_pool
D:7:      minmay_cornered_nines, layout_gridville, enter_bailey_4,
          nicolae_lava_and_water, uniq_maurice
D:8:      cheibrodos_barr_body, layout_loops_ring, serial_rivers,
          chequers_serial_rivers_large_b, chequers_serial_rivers_marsh,
          chequers_serial_rivers_micro_c, chequers_serial_rivers_marsh,
          chequers_serial_rivers_micro_d
D:9:      kennysheep_blocky_hall, layout_cave_pools, doesnt_xom_only_xom,
          lair_entry_dummy, kb_rosetta
D:10:     layout_cave_pools, uniq_gastronok, uniq_josephine
D:11:     layout_basic
D:12:     layout_rooms, minmay_orc_entry_temple_small,
          nicolae_demonic_statue_gallery
D:13:     layout_small_grid
D:14:     layout_grid_maze, grunt_vaults_entry_fortified,
          hangedman_decor_riveting, yredelemnul_forgotten_temple_becter
D:15:     hangedman_depths_entry_try_elsewhere_first, layout_loops_ring,
          dreamdust_princess_bridge, nicolae_twisting_strands
Lair:1:   layout_roguey, grunt_megastairs_4, lemuel_fruit_tree
Lair:2:   layout_roguey, elwin_shoals_entry_rocks,
          nicolae_snake_entry_warm_welcome
Lair:3:   layout_gridlike, serial_bayou_shore_b, infiniplex_staircase_pool
Lair:4:   layout_regular_city, slime_entry_1, beast_lair_carwin_11,
          lemuel_fruit_fields, grunt_megastairs_3, serial_bayou_shore_b
Lair:5:   gammafunk_lair_ancient_temple, layout_loops_ring,
          gauntlet_entry_generic, chequers_serial_rivers_micro_c
Shoals:1: layout_shoals, serial_shops, shop, uniq_mlioglotl
Shoals:2: layout_shoals, uniq_ilsuiw, uniq_roxanne
Shoals:3: layout_shoals, nicolae_shoals_spectral_cove
Shoals:4: shoals_end_hangedman, layout_shoals, uniq_louise, uniq_polyphemus
Snake:1:  layout_gridlike, minmay_shop_star, uniq_agnes
Snake:2:  layout_cave_town
Snake:3:  nicolae_snake_nest, layout_cave_town
Snake:4:  grunt_snake_rune_pools, layout_chambers, serial_nicolae_subway,
          nicolae_sub_station_stone, nicolae_sub_station_metal,
          nicolae_sub_station_crystal, uniq_nikola
Slime:1:  layout_caves
Slime:2:  layout_caves
Slime:3:  layout_caves
Slime:4:  layout_caves
Slime:5:  slime_pit
Orc:1:    gammafunk_beogh_shrine, layout_diamond_mine, serial_shops,
          shop_fountains
Orc:2:    st_orc_congregation, layout_diamond_mine, serial_shops,
          nicolae_shop_tiny_real_fake_doors, basic_altar, mines2_david
Elf:1:    nicolae_elf_arrival_no_cutting_in_line, layout_loops_cross,
          nicolae_elf_blasts_and_bolts, nicolae_elf_theology_debate
Elf:2:    elven_hall_of_blades_hangedman_alternative
          [nicolae_blade_little_rooms], layout_loops_cross, minmay_shoptagon,
          lemuel_upstairs_altar, uniq_aizul
Elf:3:    grunt_elf_hall_spiral, layout_loops_ring, nicolae_elf_stair_hall
Vaults:1: nicolae_vaults_ring_of_whatevers, vaults_room_pools,
          nicolae_vaults_diagonal_hallway_6, v_rooms_6, dpeg_vaults_monster_box,
          nicolae_vaults_tetromino_Z_1, nicolae_vaults_alarming, v_misc_22,
          nicolae_vaults_variable_pillar_hall, layout_vaults_chaotic_city
Vaults:2: nicolae_vaults_murderbox, nicolae_vaults_more_shelving_2,
          minmay_crypt_entry_simple_corners, hangedman_vaults_pinch,
          nicolae_vaults_stairing_the_circle, grunt_vaults_hallway_short,
          nicolae_vaults_turnstiles, nicolae_vaults_six-pack,
          vaults_dpeg_encased_lava, layout_vaults_omnigrid
Vaults:3: v_misc_29, ontoclasm_vaults_gateway, nicolae_vaults_oval_intersection,
          hangedman_vaults_cutoff, nicolae_vaults_network_quinsquares
          [nicolae_vaults_network_quincunx_subvault,
          nicolae_vaults_network_quincunx_subvault,
          nicolae_vaults_network_quincunx_subvault,
          nicolae_vaults_network_quincunx_subvault], v_misc_10,
          grunt_vaults_funnel, serial_ice_g, nicolae_vaults_little_ls,
          nicolae_vaults_trapezoid_2, layout_vaults_maze_snakey, serial_shops,
          shop, uniq_donald
Vaults:4: ebering_ghost_xom, nicolae_vaults_arrows, minmay_orc_keep,
          nicolae_vaults_layer_cake_slice, nicolae_vaults_big_ls,
          vaults_mumra_lcd, ontoclasm_vaults_shuriken, ontoclasm_vaults_twist,
          nicolae_vaults_tetromino_Z_1, hangedman_vaults_trim,
          layout_vaults_big_cross, serial_shops, shop, nicolae_square_shop,
          nicolae_trove_entry_path_of_doom
Vaults:5: serial_shops
Crypt:1:  layout_chaotic_city, basic_altar, weyrava_lich_vault
Crypt:2:  layout_misc_corridors, gammafunk_ghost_fury_of_okawaru
Crypt:3:  lightli_unholy_cathedral, layout_chaotic_city,
          tomb_entry_forgotten_bobbens, beargit_elvish_explorers
Depths:1: layout_basic, hangedman_abyss_entry_splay, pan_entry, serial_shops,
          shop, grunt_hell_entry_dis_old, nicolae_eternal_life,
          chequers_serial_rivers_small_b, nicolae_specific_store,
          grunt_qazlal_clouds, uniq_mara
Depths:2: hangedman_elemental_death_ray, layout_long_grid, enter_ziggurat_e,
          chequers_serial_rivers_micro_b, hell_entry, rand_demon_pan_entry_4,
          serial_glass, glass_columns_a, glass_columns_a,
          infiniplex_staircase_pillars_2
Depths:3: minmay_the_grid_octo_tiled_octocenter_mashed
          [minmay_the_grid_octo_concentric, minmay_the_grid_octo_thin_diamonds,
          minmay_the_grid_octo_tetromino_candy, minmay_the_grid_octo_shrine,
          minmay_the_grid_octo_prize_ultimate_mussel_roller,
          minmay_the_grid_square_5x5_three,
          minmay_the_grid_square_5x5_tri_point,
          minmay_the_grid_square_5x5_doubleslash,
          minmay_the_grid_square_5x5_minibox], layout_gridlike, abyss_entry,
          hell_entry, serial_shops, nicolae_shop_statue_plus,
          serial_bayou_lagoon_a, nicolae_zig_zag_zippers,
          infiniplex_staircase_split_hallway
Depths:4: grunt_zot_entry_bicorn, layout_gridlike, grunt_metal_band,
          chequers_serial_rivers_marsh, minmay_door_square,
          nicolae_dithmenos_shadow_blocks, minmay_shop_grove, uniq_jory,
          uniq_enchantress
Hell
Zot:1:    hangedman_zot_vaults_quadrants, layout_onion_interference,
          st_large_dragon_hoard_3
Zot:2:    layout_basic, grunt_megastairs_1, uniq_josephina
Zot:3:    layout_gridlike, uniq_vv, uniq_grunn
Zot:4:    layout_basic, gammafunk_ghost_crypt
Zot:5:    layout_cathedral_of_symmetry, st_stairs_10,
          hangedman_zot_diagonal_lockstep, regret_index_zotdec_plus

Skill      XL: |  1  2  3  4  5  6  7  8  9 10 11 12 13 14 15 16 17 18 19 20 21 22 23 24 25 26 27 |
---------------+----------------------------------------------------------------------------------+-----
Maces & Flails | 3 4 5 8 10 12 13 14 | 14.5
Fighting       | 4 5 6 7 8 10 12 13 14 15 16 17 18 19 20 21 22 | 22.0
Dodging        | 1 3 4 5 8 11 18 | 18.5
Armour         | 4 5 6 7 8 10 11 12 13 14 15 16 18 20 21 22 | 22.0
Short Blades   | 1 |  1.3
Shields        | 4 5 7 8 9 12 14 16 17 19 20 21 22 | 22.0
Invocations    | 1 3 4 5 7 9 10 11 12 13 14 16 17 19 25 | 25.0
Axes           | 3 5 6 8 9 11 14 16 | 16.1
Fire Magic     | 1 |  1.6
Earth Magic    | 1 |  1.6
Summonings     | 1 |  1.5
Translocations | 1 |  1.5
Necromancy     | 1 |  1.3
Ice Magic      | 1 |  1.2
Conjurations   | 1 |  1.2
Ranged Weapons | 1 |  1.0
Hexes          | 1 |  1.0
Evocations     | 1 6 10 12 | 12.9
Air Magic      | |  0.7
Alchemy        | |  0.7
Shapeshifting  | |  0.6

Action                     |  1- 3 |  4- 6 |  7- 9 | 10-12 | 13-15 | 16-18 | 19-21 | 22-24 | 25-27 || total
---------------------------+-------+-------+-------+-------+-------+-------+-------+-------+-------++-------
  Melee: Flail             |    61 |    17 |   285 |   686 |  1781 |  2019 |   501 |       |       ||  5350
         Dagger            |    25 |    64 |       |       |       |       |       |       |       ||    89
         Mace              |       |    72 |       |       |       |       |       |       |       ||    72
         Broad axe         |       |       |       |       |     1 |       |   855 |  1254 |  1855 ||  3965
         Sacred scourge    |       |       |       |       |       |       |       |   221 |   552 ||   773
  Throw: Dart              |       |       |       |     2 |       |     1 |       |       |       ||     3
         Throwing net      |       |       |       |     1 |       |       |       |       |       ||     1
 Invoke: Cleansing Flame   |       |       |       |     1 |     2 |       |    13 |    15 |     2 ||    33
         Summon Divine War |       |       |       |     1 |     3 |     3 |     1 |     1 |     5 ||    14
         Brand Weapon With |       |       |       |       |       |       |     1 |       |       ||     1
  Evoke: Wand              |       |       |       |       |     2 |     1 |       |       |       ||     3
    Use: Scroll            |       |       |    13 |     5 |    12 |    10 |    13 |     3 |     5 ||    61
         Potion            |       |       |       |     1 |     2 |       |     1 |       |    17 ||    21
 Armour: Scale mail        |    96 |   114 |       |       |       |       |       |       |       ||   210
         Gold dragon scale |       |    31 |   339 |   507 |  1377 |   971 |   849 |  1355 |  1592 ||  7021
         Acid dragon scale |       |       |       |       |       |       |       |       |   128 ||   128
  Dodge: Dodged            |    46 |    55 |    78 |   222 |   623 |   608 |   563 |   749 |  1096 ||  4040
  Block: Buckler           |    23 |    33 |    62 |   121 |   302 |       |       |       |       ||   541
         Tower shield      |       |       |       |       |   728 |  1704 |  1043 |       |       ||  3475
         Kite shield       |       |       |       |       |       |       |   243 |  1362 |  1824 ||  3429
         Reflection        |       |       |       |       |       |       |    19 |    55 |    43 ||   117
